 Dungeon Crawl Stone Soup version 0.19.0 (webtiles) character file.

101 Ultraviolent4 the Chopper (level 4, 35/40 HPs)
             Began as a Deep Dwarf Gladiator on Nov 20, 2016.
             Quit the game in the Ecumenical Temple.
             The game lasted 00:01:14 (546 turns).

Ultraviolent4 the Chopper (Deep Dwarf Gladiator)     Turns: 546, Time: 00:01:14

Health: 35/40      AC:  4    Str: 19    XL:     4   Next: 48%
Magic:  4/4        EV: 13    Int:  9    God:
Gold:   28         SH:  0    Dex: 13    Spells: 0 memorised, 3 levels left

rFire  . . .     SeeInvis .     a - +0 war axe
rCold  . . .     Gourm    .     b - +0 leather armour
rNeg   . . .     Faith    .     (no shield)
rPois  .         Spirit   .     c - +0 helmet
rElec  .         Reflect  .     (no cloak)
rCorr  .         Harm     .     (no gloves)
MR     .....                    (no boots)
Stlth  +.........               (no amulet)
                                (no ring)
                                (no ring)

@: non-regenerating
A: damage resistance, recharge devices, sense surroundings 1, slow regeneration
3
a: Device Recharging


You were in the Ecumenical Temple.
You were not hungry.

You visited 2 branches of the dungeon, and saw 5 of its levels.

You collected 28 gold pieces.

Inventory:

Hand Weapons
 a - a +0 war axe (weapon)
Missiles
 d - 3 throwing nets (quivered)
Armour
 b - a +0 leather armour (worn)
 c - a +0 helmet (worn)
Wands
 e - a wand of heal wounds (1/9) {@v2}
Scrolls
 h - a scroll of noise {!r}
Potions
 g - a potion of brilliance
 n - a potion of ambrosia
Comestibles
 f - 3 chunks of flesh
 i - 2 fruits
 q - 2 bread rations


   Skills:
 + Level 2.4 Fighting
 * Level 4.4 Axes
 - Level 1.7 Throwing
 + Level 1.8 Armour
 + Level 3.9 Dodging


You had 3 spell levels left.
You didn't know any spells.

Dungeon Overview and Level Annotations

Branches:
Dungeon (4/15)             Temple (1/1) D:4

Altars:
Ashenzari
Cheibriados
Dithmenos
Fedhas
Gozag
Hepliaklqana
Kikubaaqudgha
Nemelex Xobeh
Okawaru
Ru
Sif Muna
Trog
Uskayaw
Vehumet
Xom
Yredelemnul
Zin
The Shining One


Innate Abilities, Weirdness & Mutations

You are resistant to damage.
You can recharge devices by infusing magical energy.
You passively map a small area around you.
You do not regenerate.


Message History

The howler monkey misses you.
You climb downwards.
Welcome to the Ecumenical Temple!
Found a radiant altar of Vehumet.
There is a staircase back to the Dungeon here.
You hit the howler monkey. The howler monkey hits you.
The howler monkey hoots and howls with incredible vigour!
You barely miss the howler monkey. The howler monkey barely misses you.
You hit the howler monkey but do no damage.
The howler monkey hoots and howls with incredible vigour!
The howler monkey barely misses you.
You hit the howler monkey but do no damage.
The howler monkey hits you.
You slash the howler monkey! The howler monkey hits you.
The howler monkey hits you but does no damage.
You hit the howler monkey. The howler monkey hits you. x2
You barely miss the howler monkey. The howler monkey misses you.
You feel much better.
This wand has 1 charge left.
The howler monkey hoots and howls with incredible vigour!
You barely miss the howler monkey.
The howler monkey hits you but does no damage.
The howler monkey hits you.
You closely miss the howler monkey. The howler monkey hits you.
Some of the chunks of flesh in your inventory have rotted away.
You slash the howler monkey!
You kill the howler monkey!
You have reached level 4!
You feel clever.
You butcher the howler monkey corpse.
f - 7 chunks of flesh (gained 1)
Found an ancient bone altar of Kikubaaqudgha.
Found an iron altar of Okawaru.
Some of the chunks of flesh in your inventory have rotted away.
Found a shadowy altar of Dithmenos.
Found a bloodstained altar of Trog.
Found a shattered altar of Ashenzari.
Found a sparkling altar of Nemelex Xobeh.
Found a deep blue altar of Sif Muna.
Found a glowing silver altar of Zin.
Found a snail-covered altar of Cheibriados.
Found a blossoming altar of Fedhas.
Found an opulent altar of Gozag.
Found a glowing golden altar of the Shining One.
Found a hazy altar of Hepliaklqana.
Found a hide-covered altar of Uskayaw.
Found a shimmering altar of Xom and a sacrificial altar of Ru.
Done exploring.
Done exploring.
Done exploring.
Search for what [? for help]? mak Can't find anything matching that.

#.....## ##.....# ##... #.._..#
#.._..# #.._ ##.....# #.....##
#... ##......# #......## #...
####...###############...########
......## #.....# ##......#
.....## #._...# ##.....# .._..#
#.....# #.._..# .....## #..._@##
##.....# ......## #......##
##......#
####...#########...###...########
##......# ##.......## #...
##.....# ##.....## #... #.._..#
#.._..# #.._ #.....## #.....#
##... #......## #.....# ##....
#####...###############...##


There were no monsters in sight!

Vanquished Creatures
  A howler monkey (Temple)
  4 adders
  3 worms (D:3)
  A leopard gecko (D:3)
  2 goblins
  2 hobgoblins
  2 kobolds (D:3)
  4 bats
  A frilled lizard (D:3)
  2 rats (D:3)
22 creatures vanquished.

Notes
Turn   | Place    | Note
-------+----------+-------------------------------------------
     0 | D:1      | Ultraviolent4 the Deep Dwarf Gladiator began the quest for the Orb.
     0 | D:1      | Reached XP level 1. HP: 19/19 MP: 1/1
   108 | D:2      | Found a basalt altar of Yredelemnul.
   163 | D:3      | Reached XP level 2. HP: 26/26 MP: 2/2
   250 | D:3      | Reached XP level 3. HP: 22/32 MP: 3/3
   263 | D:3      | Reached skill level 4 in Axes
   270 | D:3      | Reached skill level 1 in Armour
   426 | D:4      | Noticed a phantom
   441 | D:4      | Found a staircase to the Ecumenical Temple.
   450 | Temple   | Entered the Ecumenical Temple
   461 | Temple   | Reached XP level 4. HP: 35/40 MP: 4/4
   546 | Temple   | Quit the game

Skill      XL: |  1  2  3 |
---------------+----------+-----
Fighting       | 2 |  2.4
Axes           | 4 |  4.4
Armour         | 1 |  1.8
Throwing       | |  1.7
Dodging        | |  3.9

Action                   |  1- 3 |  4- 6 || total
-------------------------+-------+-------++-------
Melee: War axe           |    90 |       ||    90
Evoke: Wand              |     4 |       ||     4
  Use: Scroll            |     6 |       ||     6
Armor: Leather armour    |    12 |       ||    12
Dodge: Dodged            |    81 |       ||    81
